 Dungeon Crawl Stone Soup version 0.28-a0-1429-gf3d713df7a (webtiles) character file.

Game seed: 10226780571409126576

437 Gargoyl the Skirmisher (level 7, -11/56 (59) HPs)
             Began as a Gnoll Abyssal Knight on Jan 8, 2022.
             Was a Believer of Lugonu.
             Mangled by a wight (14 damage)
             ... on level 6 of the Dungeon.
             The game lasted 00:05:17 (4637 turns).

Gargoyl the Skirmisher (Gnoll Abyssal Knight)       Turns: 4637, Time: 00:05:17

HP:   -11/56 (59)   AC: 10    Str: 15    XL:     7   Next: 1%
MP:   10/10         EV:  5    Int:  9    God:    Lugonu [**....]
Gold: 85            SH:  0    Dex: 14    Spells: 10/10 levels left

rFire   . . .      SeeInvis .   a - +1 hand axe
rCold   . . .      Faith    .   (no shield)
rNeg    + . .      Spirit   .   i - +0 plate armour
rPois   .          Reflect  .   b - +0 helmet
rElec   .          Harm     .   e - +1 cloak
rCorr   .          Rampage  .   (no gloves)
Will    +....      Rage     1%  (no boots)
Stlth   ..........              (no amulet)
HPRegen 0.18/turn               k - ring of positive energy
MPRegen 0.12/turn               (no ring)

@: drained
A: fangs 1, strong nose, distributed training, agile 1, berserk 1, deformed
body, strong-willed 1
a: Renounce Religion, Depart the Abyss, Bend Space


You were on level 6 of the Dungeon.
You worshipped Lugonu.
Lugonu was pleased with you.
You visited 1 branch of the dungeon, and saw 6 of its levels.
You visited the Abyss 1 time.

You collected 85 gold pieces.

Inventory:

Hand Weapons
 a - a +1 hand axe (weapon)
Missiles
 d - a throwing net
 h - 5 javelins (quivered)
Armour
 b - a +0 helmet (worn)
 e - a +1 cloak (worn)
 i - a +0 plate armour (worn)
Jewellery
 k - a ring of positive energy (left hand)
Wands
 j - a wand of iceblast (12)
Scrolls
 c - a scroll of teleportation
 g - a scroll of identify
Potions
 f - a potion of haste
 l - a potion of brilliance


   Skills:
 + Level 6.9 Fighting
 + Level 2.2 Short Blades
 + Level 2.2 Long Blades
 + Level 5.1 Axes
 + Level 2.2 Maces & Flails
 + Level 2.2 Polearms
 + Level 2.2 Staves
 + Level 2.2 Slings
 + Level 2.2 Bows
 + Level 2.2 Crossbows
 + Level 2.2 Throwing
 + Level 5.1 Armour
 + Level 3.4 Dodging
 + Level 2.2 Stealth
 + Level 2.2 Shields
 + Level 2.2 Unarmed Combat
 + Level 2.2 Spellcasting
 + Level 1.7 Conjurations
 + Level 1.7 Hexes
 + Level 1.7 Summonings
 + Level 1.7 Necromancy
 + Level 1.7 Translocations
 + Level 1.7 Transmutations
 + Level 1.7 Fire Magic
 + Level 1.7 Ice Magic
 + Level 1.7 Air Magic
 + Level 1.7 Earth Magic
 + Level 1.7 Poison Magic
 + Level 5.2 Invocations
 + Level 2.2 Evocations


You had 10 spell levels left.
You didn't know any spells.
Your spell library was empty.

Dungeon Overview and Level Annotations

Branches:
Dungeon (6/15)             Temple (0/1) D:4

Altars:
Gozag
Yredelemnul

Annotations:
D:3 3 runed translucent doors, generaletaddeo's ghost, amateur DsAr


Innate Abilities, Weirdness & Mutations

You have very sharp teeth.
Your uncanny sense of smell can sniff out nearby items.
Your experience applies equally to all skills.
You are agile. (Dex +2)
You tend to lose your temper in combat.
Armour fits poorly on your strangely shaped body.
You are strong-willed. (Will+)


Message History

The wight hits you but does no damage.
You hit the wight. Your bite misses the wight.
The wight is moderately damaged.
The wight hits you with a +0 dagger. You partially resist.
You feel drained.
You hit the wight.
The wight is moderately damaged.
The wight hits you but does no damage.
You closely miss the wight.
The wight is moderately damaged.
The wight hits you with a +0 dagger.
You slash the wight!
The wight is severely damaged.
The wight hits you with a +0 dagger. You partially resist.
You feel drained.
You closely miss the wight. Your bite misses the wight.
The wight is severely damaged.
The wight hits you but does no damage.
You hit the wight.
You destroy the wight!
Lugonu accepts your kill.
You have reached level 7!
Unknown command.
You hit the wight.
The wight is moderately damaged.
The wight hits you but does no damage.
You barely miss the wight.
The wight is moderately damaged.
The wight hits you but does no damage.
The wight hits you with a +4 morningstar!
You partially resist.
You feel drained.
The wight hits you from afar with a +3 trident!
* * * LOW HITPOINT WARNING * * *
You hit the wight.
The wight is heavily damaged.
The wight hits you with a +4 morningstar!
* * * LOW HITPOINT WARNING * * *
The wight hits you but does no damage.
You hit the wight. Your punch misses the wight.
The wight is severely damaged.
The wight hits you with a +4 morningstar!
You die...

...#.. #.## # ##
#...... #..### #.
....... #.#.#.
#.#.z..... #.#...
#......z.. #.#...
##.#...... #.#...
#z# ..z.. #.##.#
#z####### #.##.#
#@#.## #.....
###....###########..
+...................
#.#....###########..
#.#.#.## ######..
#†#.#.# #.......
#<#...# #.###...
#.##..# #.##....
#.##.># #.##....


You could see 2 wights.

Vanquished Creatures
  A wight (D:6)
  A bullfrog zombie (D:6)
  A hound (D:6)
  An iguana (D:4)
  2 orc wizards
  Robin (D:3)
  A howler monkey skeleton (D:6)
  9 adders
  7 gnolls
  A dart slug (D:2)
  8 orcs (D:3)
  5 endoplasms
  4 giant cockroaches
  11 goblins
  8 hobgoblins
  4 jackals (D:3)
  4 quokkas
  4 ball pythons
  6 bats
  A frilled lizard (D:2)
  7 kobolds
  A rat (D:1)
88 creatures vanquished.

Notes
Turn   | Place    | Note
-------+----------+-------------------------------------------
     0 | Abyss:1  | Gargoyl the Gnoll Abyssal Knight began the quest for the
                  | Orb.
     0 | Abyss:1  | Reached XP level 1. HP: 23/23 MP: 3/3
    23 | D:1      | Escaped the Abyss
    74 | D:1      | Found a faded altar of an unknown god.
   189 | D:1      | Reached * piety under Lugonu
   190 | D:1      | Reached XP level 2. HP: 24/29 MP: 5/5
   741 | D:2      | Reached XP level 3. HP: 28/35 MP: 6/6
  1300 | D:2      | Reached skill level 1 in Short Blades
  1300 | D:2      | Reached skill level 1 in Long Blades
  1300 | D:2      | Reached skill level 1 in Maces & Flails
  1300 | D:2      | Reached skill level 1 in Polearms
  1300 | D:2      | Reached skill level 1 in Staves
  1300 | D:2      | Reached skill level 1 in Slings
  1300 | D:2      | Reached skill level 1 in Bows
  1300 | D:2      | Reached skill level 1 in Crossbows
  1300 | D:2      | Reached skill level 1 in Throwing
  1300 | D:2      | Reached skill level 1 in Stealth
  1300 | D:2      | Reached skill level 1 in Shields
  1300 | D:2      | Reached skill level 1 in Unarmed Combat
  1300 | D:2      | Reached skill level 1 in Spellcasting
  1300 | D:2      | Reached skill level 1 in Evocations
  1347 | D:2      | Reached XP level 4. HP: 31/41 MP: 7/7
  1958 | D:3      | Found a basalt altar of Yredelemnul.
  1979 | D:3      | Noticed Robin
  1984 | D:3      | Reached skill level 1 in Conjurations
  1984 | D:3      | Reached skill level 1 in Hexes
  1984 | D:3      | Reached skill level 1 in Summonings
  1984 | D:3      | Reached skill level 1 in Necromancy
  1984 | D:3      | Reached skill level 1 in Translocations
  1984 | D:3      | Reached skill level 1 in Transmutations
  1984 | D:3      | Reached skill level 1 in Fire Magic
  1984 | D:3      | Reached skill level 1 in Ice Magic
  1984 | D:3      | Reached skill level 1 in Air Magic
  1984 | D:3      | Reached skill level 1 in Earth Magic
  1984 | D:3      | Reached skill level 1 in Poison Magic
  1995 | D:3      | Killed Robin
  2074 | D:3      | Found a runed translucent gate.
  2074 | D:3      | Found a runed translucent gate.
  2075 | D:3      | Found a runed translucent gate.
  2171 | D:3      | Reached XP level 5. HP: 30/47 MP: 8/8
  2175 | D:3      | Reached ** piety under Lugonu
  2578 | D:3      | Found an opulent altar of Gozag.
  2580 | D:3      | Noticed generaletaddeo's ghost (amateur DsAr)
  2580 | D:3      | Noticed a sky beast
  3434 | D:4      | Reached skill level 5 in Invocations
  3506 | D:4      | Found a staircase to the Ecumenical Temple.
  3600 | D:4      | Reached XP level 6. HP: 53/53 MP: 9/9
  4018 | D:5      | Entered Level 5 of the Dungeon
  4022 | D:5      | Gained mutation: Armour fits poorly on your strangely
                  | shaped body. [potion of mutation]
  4022 | D:5      | Gained mutation: You tend to lose your temper in combat.
                  | [potion of mutation]
  4022 | D:5      | Gained mutation: You are agile. (Dex +2) [potion of
                  | mutation]
  4022 | D:5      | Gained mutation: You are strong-willed. (Will+) [potion of
                  | mutation]
  4088 | D:5      | Noticed a two-headed ogre
  4127 | D:6      | Reached skill level 5 in Axes
  4127 | D:6      | Reached skill level 5 in Armour
  4634 | D:6      | Reached XP level 7. HP: 34/57 MP: 10/10
  4636 | D:6      | HP: 2/56 [wight (8)]
  4637 | D:6      | Mangled by a wight

Illustrated notes

Levels and vault maps discovered:
D:1:      dpeg_arrival_windows_large_door, layout_basic,
          ebering_ecumenical_altar_petrified, nicolae_figureground_sparkle
D:2:      layout_basic, minmay_misc_feat_ornament, minmay_pentomino_u4
D:3:      layout_basic, yredelemnul_altar_generic, ebering_ghost_gozag,
          chequers_serial_rivers_small_3, uniq_robin
D:4:      layout_basic, temple_green, minivault_25
D:5:      layout_basic
D:6:      minmay_flawed_box, layout_loops_corners, nicolae_uskayaw_en_pointe,
          minmay_manual_mullet

Skill      XL: |  1  2  3  4  5  6 |
---------------+-------------------+-----
Short Blades   | 1 2 |  2.2
Long Blades    | 1 2 |  2.2
Maces & Flails | 1 2 |  2.2
Polearms       | 1 2 |  2.2
Staves         | 1 2 |  2.2
Slings         | 1 2 |  2.2
Bows           | 1 2 |  2.2
Crossbows      | 1 2 |  2.2
Throwing       | 1 2 |  2.2
Stealth        | 1 2 |  2.2
Shields        | 1 2 |  2.2
Unarmed Combat | 1 2 |  2.2
Spellcasting   | 1 2 |  2.2
Evocations     | 1 2 |  2.2
Conjurations   | 1 |  1.7
Hexes          | 1 |  1.7
Summonings     | 1 |  1.7
Necromancy     | 1 |  1.7
Translocations | 1 |  1.7
Transmutations | 1 |  1.7
Fire Magic     | 1 |  1.7
Ice Magic      | 1 |  1.7
Air Magic      | 1 |  1.7
Earth Magic    | 1 |  1.7
Poison Magic   | 1 |  1.7
Dodging        | 3 |  3.4
Invocations    | 5 |  5.2
Axes           | 5 |  5.1
Armour         | 5 |  5.1
Fighting       | |  6.9

Action                   |  1- 3 |  4- 6 |  7- 9 || total
-------------------------+-------+-------+-------++-------
Melee: Hand axe          |   107 |   267 |     4 ||   378
       Punch             |     2 |     5 |       ||     7
       Bite              |     3 |    39 |       ||    42
Invok: Depart the Abyss  |     1 |       |       ||     1
       Bend Space        |       |     2 |       ||     2
  Use: Scroll            |     2 |     5 |       ||     7
       Potion            |       |     1 |       ||     1
Armor: Leather armour    |    25 |       |       ||    25
       Plate armour      |       |   220 |     3 ||   223
Dodge: Dodged            |    88 |    99 |       ||   187

Table legend: (Time is in decaauts)
 A = Elapsed time spent in this place.
 B = Non-inter-level travel time spent in this place.
 C = Inter-level travel time spent in this place.
 D = Time resting spent in this place.
 E = Time spent auto-exploring this place.
 F = Levels seen in this place.
 G = Mean time per level.
                   A        B        C        D        E       F      G
               +--------+--------+--------+--------+--------+-----+--------+
         Total |   4669 |   4581 |     88 |    655 |   3020 |   7 |  667.0 |
       Dungeon |   4646 |   4558 |     88 |    655 |   2998 |   6 |  774.3 |
         Abyss |     23 |     23 |      0 |      0 |     22 |   1 |   23.0 |
               +--------+--------+--------+--------+--------+-----+--------+

Top non-repeatable levels by time:
     D:3: 1370 daAuts
     D:2: 1229 daAuts
     D:4: 712 daAuts
     D:1: 704 daAuts
     D:6: 527 daAuts
     D:5: 101 daAuts
 Abyss:1: 23 daAuts
